 Dungeon Crawl Stone Soup version 0.27.0-1-g7a089689b8 (webtiles) character file.

Game seed: 9142718361154917193

77 gimp the Cudgeller (level 4, -2/37 HPs)
             Began as a Formicid Berserker on Aug 12, 2021.
             Was a Believer of Trog.
             Slain by an orc priest (4 damage)
             ... on level 2 of the Dungeon.
             The game lasted 00:06:35 (2074 turns).

gimp the Cudgeller (Formicid Berserker)             Turns: 2074, Time: 00:06:35

Health: -2/37      AC: 11    Str: 22    XL:     4   Next: 58%
Magic:  4/4        EV:  6    Int:  7    God:    Trog [**....]
Gold:   32         SH:  0    Dex: 10    Spells: 3/3 levels left

rFire    . . .     SeeInvis +   a - +0 mace
rCold    . . .     Faith    .   (no shield)
rNeg     + . .     Spirit   .   m - +0 plate armour
rPois    .         Reflect  .   (helmet unavailable)
rElec    .         Harm     .   (no cloak)
rCorr    .         Rampage  .   (no gloves)
Will     .....                  (no boots)
Stlth    ..........             (no amulet)
HPRegen  0.12/turn              k - ring of positive energy
MPRegen  0.09/turn              (no ring)

@: no status effects
A: permanent stasis, dig shafts and tunnels, antennae 3, four strong arms
a: Dig, Shaft Self, Renounce Religion, Trog's Hand


You were on level 2 of the Dungeon.
You worshipped Trog.
Trog was pleased with you.
You visited 1 branch of the dungeon, and saw 3 of its levels.

You collected 32 gold pieces.

Inventory:

Hand Weapons
 a - a +0 mace (weapon)
Missiles
 h - 6 javelins
Armour
 m - a +0 plate armour (worn)
Jewellery
 k - a ring of positive energy (left hand)
Scrolls
 c - 2 scrolls of vulnerability {unknown}
 f - a scroll of noise {unknown}
 i - 2 scrolls of identify {unknown}
 j - a scroll of teleportation {unknown}
 l - a scroll of enchant weapon {unknown}
Potions
 e - a potion of degeneration {unknown}


   Skills:
 + Level 3.9 Fighting
 * Level 4.1 Maces & Flails
 + Level 3.0 Armour
 - Level 1.7 Dodging


You had 3 spell levels left.
You didn't know any spells.
Your spell library was empty.

Dungeon Overview and Level Annotations

Branches:
Dungeon (3/15)

Altars:


Innate Abilities, Weirdness & Mutations

You cannot be hasted, slowed, berserked, paralysed or teleported.
You can dig through walls and to a lower floor.
You have a pair of large antennae on your head. (SInv)
Your four strong arms can wield two-handed weapons with a shield.


Message History

Pain shoots through your body!
You take 2 damage, and have 35/37 hp.
You hit the orc priest.
The orc priest is moderately wounded.
The orc priest hits you with a +0 flail.
You take 5 damage, and have 30/37 hp.
You thump the orc priest!
The orc priest is severely wounded.
The orc priest barely misses you.
You closely miss the orc priest.
The orc priest is severely wounded.
The orc priest hits you with a +0 flail.
The orc priest mumbles some strange prayers to Beogh against you.
Beogh smites you!
You take 18 damage, and have 12/37 hp.
MASSIVE DAMAGE!!
You completely miss the orc priest.
The orc priest is severely wounded.
The orc priest invokes the aid of Beogh against you.
Beogh smites you!
* * * LOW HITPOINT WARNING * * *
You take 9 damage, and have 3/37 hp.
MASSIVE DAMAGE!!
You hit the orc priest but do no damage.
The orc priest is severely wounded.
The orc priest hits you but does no damage.
You hit the orc priest but do no damage.
The orc priest is severely wounded.
The orc priest closely misses you.
You closely miss the orc priest.
The orc priest is severely wounded.
The orc priest closely misses you.
You barely miss the orc priest.
The orc priest is severely wounded.
The orc priest hits you with a +0 flail.
* * * LOW HITPOINT WARNING * * *
The orc priest closely misses you.
You take 2 damage, and have 2/37 hp.
You hit the orc priest but do no damage.
The orc priest is severely wounded.
The orc priest hits you with a +0 flail.
You die...

#......# #.>....# ###
#......## ###########
#.###.......# #.........#
#...........# #..>......#
##..........# #.........#
###...>....#####.........###
####.##.>......#...######.
##### #)##)o@####......## #.
##.<.## #.##[#.#
##.##...####. #.....##
##.##.#.# #..##....#...
.......# #..##...##
#.###........ ^......#
#.####...###.###........
.......# #.#
##.......)#..##.... #.....##
#.# #..........#....##
#.....## #.#
#..........#.#....
.......###)#
##..........#...#..


You could see an orc priest.

Vanquished Creatures
  An adder (D:2)
  2 worms (D:2)
  A dart slug (D:1)
  2 orcs (D:2)
  5 bats
  5 endoplasms
  2 giant cockroaches (D:1)
  7 goblins
  4 hobgoblins
  4 jackals (D:1)
  6 kobolds
  4 quokkas (D:1)
  4 ball pythons
  2 frilled lizards (D:2)
  2 rats
51 creatures vanquished.

Notes
Turn   | Place    | Note
-------+----------+-------------------------------------------
     0 | D:1      | gimp the Formicid Berserker began the quest for the Orb.
     0 | D:1      | Reached XP level 1. HP: 18/18 MP: 1/1
    93 | D:1      | Reached XP level 2. HP: 24/24 MP: 2/2
   209 | D:1      | Reached XP level 3. HP: 28/29 MP: 3/3
   266 | D:1      | Found a faded altar of an unknown god.
   670 | D:1      | Reached ** piety under Trog
  1016 | D:2      | Reached XP level 4. HP: 28/37 MP: 4/4
  1131 | D:2      | Reached skill level 4 in Maces & Flails
  2074 | D:2      | Slain by an orc priest

Illustrated notes

Levels and vault maps discovered:
D:1:      co_arrival_random_square_maze, layout_loops_ring,
          ebering_ecumenical_altar_box
D:2:      layout_rooms
D:3:      layout_basic, nicolae_dithmenos_the_darkroom,
          chequers_serial_rivers_micro_e

Skill      XL: |  1  2  3  4 |
---------------+-------------+-----
Maces & Flails | 4 |  4.1
Armour         | 3 |  3.0
Fighting       | |  3.9
Dodging        | |  1.7

Action                   |  1- 3 |  4- 6 || total
-------------------------+-------+-------++-------
Melee: Mace              |    91 |    75 ||   166
 Stab: Sleeping          |     1 |       ||     1
Armor: Animal skin       |     6 |       ||     6
       Ring mail         |     7 |     3 ||    10
       Plate armour      |       |    22 ||    22
       Chain mail        |       |    16 ||    16
Dodge: Dodged            |    57 |    32 ||    89
